 Dungeon Crawl Stone Soup version 0.20.1-1-g8b1a95d (webtiles) character file.

129 con220 the Conjurer (level 4, -4/35 HPs)
             Began as a Draconian Conjurer on Nov 7, 2017.
             Slain by Regeox's ghost (9 damage)
             ... on level 3 of the Dungeon.
             The game lasted 00:18:21 (3436 turns).

con220 the Conjurer (Draconian Conjurer)            Turns: 3436, Time: 00:18:22

Health: -4/35      AC:  5    Str: 10    XL:     4   Next: 88%
Magic:  2/7        EV: 12    Int: 16    God:
Gold:   106        SH:  0    Dex: 12    Spells: 4/7 levels left

rFire    . . .     SeeInvis .   b - +2 whip (pain)
rCold    . . .     Gourm    .   (no shield)
rNeg     . . .     Faith    .   (armour unavailable)
rPois    .         Spirit   .   (helmet restricted)
rElec    .         Reflect  .   (no cloak)
rCorr    .         Harm     .   (no gloves)
MR       .....                  (no boots)
Stlth    ++........             (no amulet)
Regen    0.2/turn               (no ring)
MPRegen  0.1/turn               (no ring)

@: lethally poisoned (-4 -> -19)
A: unfitting armour, cold-blooded, AC +5
a: no special abilities


You were on level 3 of the Dungeon.
You were not hungry.

You visited 1 branch of the dungeon, and saw 3 of its levels.

You collected 106 gold pieces.

Inventory:

Hand Weapons
 b - a +2 whip of pain (weapon)
 d - a +0 dagger
 h - a +0 dagger
 n - a +0 dagger
Scrolls
 g - 3 scrolls of remove curse
 i - a scroll of identify {unknown}
 j - a scroll of enchant armour {unknown}
 o - a scroll of magic mapping {unknown}
 p - a scroll of recharging {unknown}
 q - a scroll of amnesia {unknown}
 r - a scroll of teleportation {unknown}
Potions
 c - 3 potions of agility {unknown}
 l - a potion of lignification {unknown}
 m - a potion of mutation {unknown}
Books
 a - a book of Conjurations

   Spells                             Type                      Level
   a - Magic Dart                     Conjuration                  1
   b - Searing Ray                    Conjuration                  2
   c - Dazzling Spray                 Conjuration/Hexes            3
   d - Fulminant Prism                Conjuration/Hexes            4
   e - Force Lance                    Conjuration/Translocation    4
   f - Iskenderun's Mystic Blast      Conjuration                  4
Comestibles
 f - a royal jelly
 k - 2 fruits


   Skills:
 * Level 1.2 Fighting
 - Level 0.6 Short Blades
 * Level 2.2 Maces & Flails
 * Level 2.4 Dodging
 - Level 1.7 Stealth
 + Level 2.4 Spellcasting
 + Level 4.7 Conjurations


You had 4 spell levels left.
You knew the following spells:

 Your Spells              Type           Power        Failure   Level  Hunger
a - Magic Dart            Conj           ###.         2%          1    #......
b - Searing Ray           Conj           ###...       4%          2    ###....


Dungeon Overview and Level Annotations

Branches:
Dungeon (3/15)

Altars:
Nemelex Xobeh

Annotations:
D:3 Regeox's ghost, amateur DsCK


Innate Abilities, Weirdness & Mutations

Your plain brown scales are hard. (AC +5)
You cannot fit into any form of body armour.
You are cold-blooded and may be slowed by cold attacks.


Message History

You feel sick.
You feel sick.
You feel sick.
You feel sick. Regeox's ghost hits you!
* * * LOW HITPOINT WARNING * * *
* * * LOW HITPOINT WARNING * * *
You feel sick.
Casting: Searing Ray
Confirm with . or Enter, or press ? or * to list all spells.
You don't know that spell.
Casting: Searing Ray
Confirm with . or Enter, or press ? or * to list all spells.
You don't know that spell.
Unknown command.
As you read the scroll labeled DUQE NUIMUN, it crumbles to dust.
The creatures around you are filled with an inner flame!
It was a scroll of immolation.
* * * LOW HITPOINT WARNING * * *
You feel sick. Regeox's ghost hits you!
You die...

.#.............#
.#.............## #
.#..............######.#
.....†........#.#....#.#
##............#.#......#
...........(....#......#
###############....[...#
######........#.#
#......@W.......#
#...........#.###
#...........# #
#...........#
#########.### #†##
######..# #.....).#
#.......#


You could see Regeox's ghost (inner flame).

Vanquished Creatures
  A worker ant (D:3)
  3 adders
  2 oozes
  2 worms (D:2)
  A dart slug (D:1)
  2 leopard geckos (D:2)
  2 orcs (D:3)
  5 giant cockroaches
  6 goblins
  5 hobgoblins
  A quokka (D:3)
  A ball python (D:1)
  7 bats
  7 frilled lizards
  8 kobolds
  7 rats
60 creatures vanquished.

Notes
Turn   | Place    | Note
-------+----------+-------------------------------------------
     0 | D:1      | con220 the Draconian Conjurer began the quest for the Orb.
     0 | D:1      | Reached XP level 1. HP: 14/14 MP: 3/3
   295 | D:1      | Reached XP level 2. HP: 8/20 MP: 0/5
  1305 | D:2      | Reached XP level 3. HP: 26/26 MP: 1/6
  1677 | D:2      | Reached skill level 1 in Maces & Flails
  2131 | D:2      | Learned a level 2 spell: Searing Ray
  2428 | D:2      | Reached XP level 4. HP: 23/33 MP: 3/7
  2992 | D:3      | Found a sparkling altar of Nemelex Xobeh.
  3221 | D:3      | Reached skill level 1 in Fighting
  3333 | D:3      | Noticed Regeox's ghost (amateur DsCK)
  3436 | D:3      | Slain by Regeox's ghost

Skill      XL: |  1  2  3  4 |
---------------+-------------+-----
Dodging        | 2 |  2.4
Maces & Flails | 1 2 |  2.2
Fighting       | 1 |  1.2
Short Blades   | |  0.6
Stealth        | |  1.7
Spellcasting   | |  2.4
Conjurations   | |  4.7

Action                   |  1- 3 |  4- 6 || total
-------------------------+-------+-------++-------
Melee: Dagger            |    25 |       ||    25
       Unarmed           |     4 |       ||     4
       Tailslap          |     7 |       ||     7
       Whip              |    41 |    15 ||    56
 Cast: Magic Dart        |    61 |    44 ||   105
       Searing Ray       |     2 |     3 ||     5
  Use: Scroll            |     1 |     1 ||     2
  Eat: Bread ration      |     1 |     1 ||     2
       Fruit             |     1 |       ||     1
       Chunk             |       |     2 ||     2
Armor: Skin              |    43 |     4 ||    47
Dodge: Dodged            |    89 |    20 ||   109
